 Dungeon Crawl Stone Soup version 0.31-a0-986-g5e6e4ef867 (webtiles) character file.

Game seed: 11629875546394461397

10222 obanaku the Cruncher (level 11, 0/68 HPs)
             Began as a Tengu Berserker on Nov 20, 2023.
             Was a High Priest of Trog.
             Succumbed to a killer bee's poison
             ... on level 11 of the Dungeon.
             The game lasted 00:44:19 (20885 turns).

obanaku the Cruncher (Tengu Berserker)             Turns: 20885, Time: 00:44:20

Health: 0/68       AC: 15    Str: 27    XL:     11   Next: 58%
Magic:  12/12      EV: 30    Int:  8    God:    Trog [*****.]
Gold:   219        SH:  0    Dex: 14    Spells: 10/10 levels left

rFire   + . .        m - +4 lajatang (spect)
rCold   + . .        (shield currently unavailable)
rNeg    . . .        e - +2 chain mail
rPois   .            (helmet restricted)
rElec   .            a - scarf "Udyequ" {repulsion, rF+ rC+ Will+}
rCorr   .            d - +1 pair of gloves
SInv    +            (boots unavailable)
Will    +....        E - amulet of regeneration Stlth
                     h - ring of see invisible
HPRegen 1.11/turn    F - +6 ring of strength
MPRegen 0.13/turn

%: repel missiles, acrobat
@: lethally poisoned (0 -> -1), acrobatic, flying
A: beak, talons 3, evasive flight, acrobatic
a: Renounce Religion, Berserk, Trog's Hand, Brothers in Arms


You were on level 11 of the Dungeon.
You worshipped Trog.
Trog was extremely pleased with you.
You visited 1 branch of the dungeon, and saw 11 of its levels.
You also visited: Sewer.

You collected 687 gold pieces.
You spent 468 gold pieces at shops.

Inventory:

Hand Weapons
 c - a +4 heavy bardiche
 m - a +4 spectral lajatang (weapon)
 n - the +1 spear of the Sun {vamp, rN+ Int+7}
   (You found it on level 3 of the Dungeon)

   Int+7:     It affects your intelligence (+7).
   rN+:       It protects you from negative energy.
Armour
 a - the scarf "Udyequ" (worn) {repulsion, rF+ rC+ Will+}
   (You acquired it on level 8 of the Dungeon)

   rF+:       It protects you from fire.
   rC+:       It protects you from cold.
   Will+:     It increases your willpower.
 d - a +1 pair of gloves (worn)
 e - a +2 chain mail (worn)
 u - a +0 plate armour
 G - +0 steam dragon scales
Jewellery
 h - a ring of see invisible (left hand)
 q - an amulet of regeneration
 E - an amulet of regeneration (around neck)
 F - a +6 ring of strength (right hand)
Wands
 J - a wand of mindburst (2)
Scrolls
 b - a scroll of vulnerability
 i - a scroll of blinking
 k - 4 scrolls of fog
 t - a scroll of fear
 w - 2 scrolls of teleportation
 C - a scroll of poison
Potions
 f - 2 potions of enlightenment
 l - a potion of heal wounds
 p - a potion of might
 r - 2 potions of haste
 v - a potion of brilliance
 z - 2 potions of curing
 A - a potion of mutation {unknown}
 B - a potion of magic {unknown}
 I - a potion of ambrosia {unknown}


   Skills:
 + Level 7.9 Fighting
 + Level 4.2(4.7) Axes
 + Level 3.1(9.8) Polearms
 + Level 13.6(13.8) Staves
 + Level 9.2 Armour
 + Level 4.9 Dodging
 + Level 3.2 Stealth


You had 10 spell levels left.
You didn't know any spells.
Your spell library was empty.

Dungeon Overview and Level Annotations

Branches:
Dungeon (11/15)            Temple (0/1) D:7            Lair (0/5) D:9
  Sewer (visited)
    Orc: D:9-12

Altars:
Nemelex Xobeh
Qazlal
Ru
Sif Muna
Trog
Uskayaw
Wu Jian
Yredelemnul

Shops:
D:5 *   D:6 (   D:9 =   D:10 !

Annotations:
D:11 1 transporter


Innate Abilities, Weirdness & Mutations

You have a beak for a mouth.
You have claws for feet.
Your magical flight helps you evade attacks. (EV +4)
You can magically evade attacks while moving or waiting.


Message History

You feel very sick. The killer bee misses you. x2
The killer bee stings you but does no damage.
The killer bee closely misses you. The orc barely misses you.
The killer bee misses you. x2; The killer bee barely misses you. x2
You feel very sick.
The killer bee attacks as it pursues you!
The killer bee stings you but does no damage.
The killer bee completely misses you. The orc misses you.
You feel sick.
The killer bee completely misses you. x2
You hit the killer bee. Your kick misses the killer bee.
The killer bee is moderately wounded.
Your +4 spectral lajatang hits the killer bee!!
You kill the killer bee!
Trog accepts your kill.
Trog will now gift you melee weapons as you gain piety.
You feel sick.
The killer bee stings you but does no damage.
The killer bee stings your +4 spectral lajatang.
Your spectral weapon shares its damage with you!
* * * LOW HITPOINT WARNING * * *
The orc hits you with a +0 short sword.
* * * LOW HITPOINT WARNING * * *
You miss the killer bee. You claw the killer bee!
Your peck misses the killer bee.
The killer bee is severely wounded.
Your +4 spectral lajatang hits the killer bee!!
You kill the killer bee!
Trog accepts your kill.
You feel sick.
The killer bee closely misses your +4 spectral lajatang.
The killer bee stings you.
* * * LOW HITPOINT WARNING * * *
The killer bee stings your +4 spectral lajatang.
Your spectral weapon shares its damage with you!
The killer bee closely misses you.
Unknown command.
You swap places.
Your +4 spectral lajatang disappears.
You die...

...................
......#.....###. ##.##
.....#####..# .. ....# #
<...####.#..# ..##....#.#
#...........# #.........#
.......###..####........##
.......# #...#.#§§§.##..©#
#. .......#
#....§§o§§...!.##..#
.......#
##..§§y@§......#3..
.......# #..§§§§y§.$)..##
........ ##.§§§§§..<....#
......... #..............#
...........#.......
...........###......
............# #.....
.:........... #....
....#.. ....


You could see 2 killer bees and an orc.

Vanquished Creatures
  2 two-headed ogres
  2 trolls
  A shadow (D:9)
  Sigmund (D:4)
  3 humans (D:7)
  A wraith (D:10)
  4 wyverns
  11 yaks
  A basilisk (D:9)
  3 steam dragons (D:9)
  Menkaure (D:7)
  A water moccasin (D:6)
  5 orc warriors
  3 ice beasts
  An ogre (D:5)
  A black bear (D:9)
  A centaur (D:11)
  9 kobold brigands
  3 phantoms
  5 bullfrogs
  A gnoll sergeant (D:9)
  2 scorpions
  8 wights (D:8)
  14 killer bees
  4 howler monkeys
  6 hounds
  A gnoll bouda (D:7)
  A human zombie (D:6)
  6 orc priests
  3 jellies
  6 iguanas
  12 orc wizards
  9 adders
  10 gnolls
  2 river rats (Sewer)
  A shadow imp (D:6)
  A white imp (D:6)
  4 worms
  12 dart slugs
  38 orcs
  5 ball pythons
  12 bats
  8 endoplasms
  A giant cockroach (D:1)
  9 goblins
  8 hobgoblins
  5 jackals
  34 kobolds
  8 quokkas
  5 frilled lizards
  A goblin skeleton (D:6)
  14 rats
310 creatures vanquished.

Notes
Turn   | Place    | Note
-------+----------+-------------------------------------------
     0 | D:1      | obanaku the Tengu Berserker began the quest for the Orb.
     0 | D:1      | Reached XP level 1. HP: 14/14 MP: 2/2
    54 | D:1      | Reached XP level 2. HP: 9/19 MP: 3/3
   721 | D:1      | Found a faded altar of an unknown god.
  1541 | D:1      | Reached XP level 3. HP: 23/23 MP: 4/4
  2081 | D:1      | Reached ** piety under Trog
  3657 | D:2      | Reached XP level 4. HP: 28/28 MP: 5/5
  4321 | D:2      | Reached skill level 1 in Polearms
  4989 | D:3      | Identified the +1 spear of the Sun {vamp, rN+ Int+7}
  5271 | D:3      | Found a sacrificial altar of Ru.
  5892 | D:3      | Identified a scroll of acquirement
  5892 | D:3      | Acquired a +2 spectral lajatang
  6115 | D:3      | Found a sparkling altar of Nemelex Xobeh.
  6156 | D:3      | Noticed a moth of wrath
  6160 | D:3      | Found a bloodstained altar of Trog.
  6179 | D:3      | Reached XP level 5. HP: 29/32 MP: 6/6
  7031 | D:4      | Noticed Sigmund
  7040 | D:4      | Killed Sigmund
  7041 | D:4      | Reached skill level 2 in Staves
  7041 | D:4      | Reached XP level 6. HP: 38/38 MP: 7/7
  7655 | D:4      | Reached *** piety under Trog
  8091 | D:4      | Gained mutation: Your magical flight helps you evade
                  | attacks. (EV +4) [Tengu growth]
  8091 | D:4      | Reached XP level 7. HP: 43/43 MP: 8/8
  8532 | D:5      | Entered Level 5 of the Dungeon
  8536 | D:4      | Reached skill level 3 in Staves
  8702 | D:5      | Reached skill level 4 in Staves
  9206 | D:5      | Reached skill level 5 in Armour
  9206 | D:5      | Found a glowing drain.
  9235 | Sewer    | Entered a sewer
  9274 | Sewer    | Reached skill level 1 in Stealth
  9419 | Sewer    | Reached XP level 8. HP: 48/48 MP: 9/9
  9840 | Sewer    | Reached skill level 5 in Staves
 10730 | Sewer    | Reached **** piety under Trog
 10731 | Sewer    | Reached skill level 6 in Staves
 11586 | D:5      | Reached skill level 7 in Staves
 11790 | D:5      | Found Xukelag's Overcharged Wands.
 11983 | D:6      | Found a runed translucent door.
 11992 | D:6      | Found a basalt altar of Yredelemnul.
 12028 | D:6      | Reached skill level 5 in Fighting
 12318 | D:6      | Reached XP level 9. HP: 54/54 MP: 10/10
 12324 | D:6      | Reached skill level 8 in Staves
 12706 | D:6      | Reached skill level 9 in Staves
 13370 | D:6      | Found Joel's Weapon Shoppe.
 13898 | D:7      | Found a staircase to the Ecumenical Temple.
 13948 | D:6      | Reached skill level 10 in Staves
 14089 | D:7      | Reached XP level 10. HP: 60/60 MP: 11/11
 14508 | D:7      | Reached skill level 11 in Staves
 15204 | D:7      | Noticed Menkaure
 15217 | D:7      | Killed Menkaure
 15223 | D:7      | Reached ***** piety under Trog
 15646 | D:8      | Identified the +5 leather armour "Jico Ono" {rF+ Will++}
 15946 | D:8      | Acquired the scarf "Udyequ" {repulsion, rF+ rC+ Will+}
 16081 | D:8      | Received a gift from Trog
 17018 | D:9      | Found a staircase to the Lair.
 17034 | D:9      | Reached skill level 12 in Staves
 17963 | D:9      | Found Gil Dyff's Jewellery Shoppe.
 18004 | D:9      | Bought a +6 ring of strength for 468 gold pieces
 18059 | D:9      | Found an ornate altar of the Wu Jian Council.
 18110 | D:9      | Noticed a two-headed ogre
 18122 | D:9      | Killed a two-headed ogre
 18123 | D:9      | Reached XP level 11. HP: 67/67 MP: 12/12
 18521 | D:9      | Reached skill level 13 in Staves
 18673 | D:9      | Found a stormy altar of Qazlal.
 19112 | D:9      | Found a hide-covered altar of Uskayaw.
 19270 | D:10     | Entered Level 10 of the Dungeon
 19270 | D:10     | Noticed a two-headed ogre
 19276 | D:10     | Killed a two-headed ogre
 19677 | D:10     | Found Alezop's Distillery.
 20386 | D:10     | Found a shimmering blue altar of Sif Muna.
 20751 | D:11     | Found a transporter.
 20884 | D:11     | HP: 1/68 [killer bee (6)]
 20885 | D:11     | Succumbed to a killer bee's poison

Illustrated notes

Levels and vault maps discovered:
D:1:      eino_arrival_water_cross, layout_loops_cross,
          hellmonk_ecumenical_altar_lost_god, hangedman_decor_push,
          dreamdust_princess_bridge, minmay_tromino_v4_c
D:2:      layout_basic
D:3:      layout_basic, mainiacjoe_overflow_concentric_impassable, tgw_trog,
          nemelex_dance_club_becter, nicolae_figureground_pulse
D:4:      layout_basic, uniq_sigmund
D:5:      kennysheep_slugbush, layout_rooms, portal_sewer_entry_d,
          nicolae_shop_overcharged_wands
D:6:      layout_basic, dk_yredelemnul_ordeal, serial_shops, shop
D:7:      layout_basic, minmay_temple_entry_offerings, enter_bailey_4,
          minmay_ruffians, uniq_menkaure
D:8:      layout_loops_ring, roderic_roman_lattice
D:9:      layout_stronghold, mainiacjoe_overflow_boulevard,
          mainiacjoe_overflow_swirl, david_lair_generic, serial_shops, shop
D:10:     layout_roguey, kennysheep_mini, serial_shops, shop,
          minmay_gold_behind_fungi
D:11:     layout_cave_pools, gammafunk_ghost_stat_death, uniq_harold

Skill      XL: |  1  2  3  4  5  6  7  8  9 10 11 |
---------------+----------------------------------+-----
Axes           | 4 |  4.2
Dodging        | 3 4 |  4.9
Polearms       | 1 2 3 |  3.1
Armour         | 3 4 5 6 8 9 |  9.2
Staves         | 2 4 7 10 12 13 | 13.6
Fighting       | 4 5 6 7 |  7.9
Stealth        | 1 2 3 |  3.2

Action                     |  1- 3 |  4- 6 |  7- 9 | 10-12 || total
---------------------------+-------+-------+-------+-------++-------
  Melee: Hand axe          |    30 |       |       |       ||    30
         Peck              |    12 |    16 |    27 |    26 ||    81
         Kick              |    17 |    24 |    58 |    54 ||   153
         Spear             |    58 |    66 |       |       ||   124
         Lajatang          |       |    52 |   202 |   215 ||   469
 Invoke: Berserk           |       |     2 |     8 |     4 ||    14
         Trog's Hand       |       |       |       |     1 ||     1
         Brothers in Arms  |       |       |       |     1 ||     1
    Use: Scroll            |     5 |    11 |     6 |     8 ||    30
         Potion            |       |       |     5 |       ||     5
   Stab: Distracted        |       |       |       |     2 ||     2
 Armour: Animal skin       |    36 |       |       |       ||    36
         Chain mail        |     7 |    80 |    96 |   100 ||   283
  Dodge: Dodged            |    88 |    78 |   159 |   206 ||   531
         Repelled          |       |       |       |     2 ||     2

Table legend: (Time is in decaauts)
 A = Elapsed time spent in this place.
 B = Non-inter-level travel time spent in this place.
 C = Inter-level travel time spent in this place.
 D = Time resting spent in this place.
 E = Time spent auto-exploring this place.
 F = Levels seen in this place.
 G = Mean time per level.
                   A        B        C        D        E       F      G
               +--------+--------+--------+--------+--------+-----+--------+
         Total |  20971 |  20507 |    464 |  11578 |   3384 |  12 | 1747.6 |
       Dungeon |  19250 |  18786 |    464 |  10163 |   3332 |  11 | 1750.0 |
         Sewer |   1721 |   1721 |      0 |   1414 |     52 |   1 | 1721.0 |
               +--------+--------+--------+--------+--------+-----+--------+

Top non-repeatable levels by time:
     D:1: 3209 daAuts
     D:9: 2551 daAuts
     D:6: 1956 daAuts
     D:4: 1896 daAuts
     D:5: 1765 daAuts
     D:2: 1758 daAuts
   Sewer: 1721 daAuts
     D:3: 1709 daAuts
     D:7: 1586 daAuts
    D:10: 1558 daAuts
     D:8: 1213 daAuts
    D:11: 44 daAuts
